 Dungeon Crawl Stone Soup version 0.28.0 (webtiles) character file.

Game seed: 7186406891640457221

84 Gabide the Grave Robber (level 4, 0/32 HPs)
             Began as a Mummy Necromancer on Feb 16, 2022.
             Shot with a stone by a goblin (3 damage)
             ... on level 2 of the Dungeon.
             The game lasted 00:05:24 (2409 turns).

Gabide the Grave Robber (Mummy Necromancer)         Turns: 2409, Time: 00:05:25

Health: 0/32       AC:  2    Str: 11    XL:     4   Next: 23%
Magic:  8/9        EV: 12    Int: 16    God:
Gold:   45         SH:  0    Dex: 12    Spells: 9/10 levels left

rFire   x . .      SeeInvis .   (no weapon)
rCold   + . .      Faith    .   (no shield)
rNeg    + + +      Spirit   .   a - +0 robe
rPois   ∞          Reflect  .   (no helmet)
rElec   .          Harm     .   (no cloak)
rCorr   .          Rampage  .   (no gloves)
Will    .....                   (no boots)
Stlth   ++........              (no amulet)
HPRegen 0.10/turn               (no ring)
MPRegen 0.11/turn               (no ring)

@: no status effects
A: cold resistance 1, negative energy resistance 3, torment resistance 2, heat
vulnerability 1, no potions
a: no special abilities


You were on level 2 of the Dungeon.
You visited 1 branch of the dungeon, and saw 2 of its levels.

You collected 45 gold pieces.

Inventory:

Armour
 a - a +0 robe (worn)
Scrolls
 b - a scroll of brand weapon {unknown}


   Skills:
 * Level 1.0 Fighting
 * Level 2.1 Dodging
 + Level 1.6 Stealth
 * Level 3.9 Spellcasting
 * Level 4.6 Necromancy


You had 9 spell levels left.
You knew the following spells:

 Your Spells              Type           Power      Damage    Failure   Level
a - Pain                  Necr           72%        1d7       2%          1

Your spell library contained the following spells:

 Spells                   Type           Power      Damage    Failure   Level
 Animate Skeleton         Necr           36%        N/A       2%          1
 Vampiric Draining        Necr           18%        2d7       8%          3
 Animate Dead             Necr           9%         N/A       26%         4
 Agony                    Necr           18%        N/A       56%         5


Dungeon Overview and Level Annotations

Branches:
Dungeon (2/15)

Altars:


Innate Abilities, Weirdness & Mutations

You are immune to poison.
Your flesh is cold resistant. (rC+)
You are immune to negative energy. (rN+++)
You are immune to unholy pain and torment.
You are vulnerable to heat. (rF-)
You do not drink.


Message History

Press: ? - help, Q - select action Shift-Dir - straight line, f - ball python
Aim: a ball python (chance to affect: 87%)
The ball python writhes in agony.
You kill the ball python!
Aiming: Pain (safe; 2% risk of failure)
Press: ? - help, Q - select action Shift-Dir - straight line, f - kobold
Aim: a kobold, wielding a +0 short sword (chance to affect: 88%)
The kobold writhes in agony!
You kill the kobold!
You start resting.
Magic restored.
You start resting.
A water moccasin skeleton is nearby!
A giant cockroach comes into view.
The helpless giant cockroach fails to defend itself.
You hit the giant cockroach but do no damage.
The giant cockroach bites you but does no damage.
Aiming: Pain (safe; 2% risk of failure)
Press: ? - help, Q - select action Shift-Dir - straight line, f - giant cockroach
Aim: a giant cockroach (chance to affect: 88%)
The giant cockroach writhes in agony!
You kill the giant cockroach!
Found a viscous cyan potion.
The water moccasin skeleton bites you.
As you read the scroll of teleportation, it crumbles to dust.
You feel strangely unstable. The water moccasin skeleton bites you.
Your surroundings suddenly seem different.
A worm, a quokka and a goblin come into view.
Found a stone staircase leading down and a stone staircase leading up.
A giant cockroach comes into view.
The goblin unwields a +0 club.
The goblin wields a +0 hunting sling.
The goblin shoots a stone.
The stone hits you.
* * * LOW HITPOINT WARNING * * *
The quokka bites you.
* * * LOW HITPOINT WARNING * * *
Aiming: Pain (safe; 2% risk of failure)
Press: ? - help, Q - select action Shift-Dir - straight line, f - quokka
Aim: a quokka (chance to affect: 88%)
The quokka writhes in agony.
The goblin shoots a stone.
The stone hits you.
You die...

#......#
#......##
#.......#
.......##
#.......#
#.......####
#......B...#
#..@.......#..
###...r........
#...gw.....#♣
#......#...#
#.........##
#.........#
#.>.......#
#...##......♣
#...#.......♣


You could see a worm, a quokka, a giant cockroach and a goblin.

Vanquished Creatures
  Terence (D:2)
  3 dart slugs
  8 ball pythons
  3 endoplasms
  A giant cockroach (D:2)
  5 goblins
  5 hobgoblins
  4 jackals (D:1)
  4 quokkas (D:2)
  5 bats
  4 frilled lizards
  3 kobolds
  2 rats (D:2)
48 creatures vanquished.

Vanquished Creatures (others)
  19 plants (D:2)
19 creatures vanquished.

Grand Total: 67 creatures vanquished

Notes
Turn   | Place    | Note
-------+----------+-------------------------------------------
     0 | D:1      | Gabide the Mummy Necromancer began the quest for the Orb.
     0 | D:1      | Reached XP level 1. HP: 13/13 MP: 4/4
   378 | D:1      | Reached XP level 2. HP: 19/19 MP: 2/5
  1056 | D:1      | Reached XP level 3. HP: 25/25 MP: 4/7
  1531 | D:2      | Noticed Terence
  1532 | D:2      | Found a faded altar of an unknown god.
  1776 | D:2      | Killed Terence
  1894 | D:2      | Reached XP level 4. HP: 30/31 MP: 3/9
  2013 | D:2      | Reached skill level 1 in Fighting
  2409 | D:2      | Shot with a stone by a goblin

Illustrated notes

Levels and vault maps discovered:
D:1:      matt_arrival_refuge, layout_loops_cross,
          chequers_serial_rivers_micro_a, hangedman_feature_mirror
D:2:      wad_woods_settlement, layout_basic,
          chequers_ecumenical_altar_simple_redux, lightli_corner_chamber,
          uniq_terence

Skill      XL: |  1  2  3  4 |
---------------+-------------+-----
Spellcasting   | 3 |  3.9
Dodging        | 2 |  2.1
Fighting       | 1 |  1.0
Stealth        | |  1.6
Necromancy     | |  4.6

Action                   |  1- 3 |  4- 6 || total
-------------------------+-------+-------++-------
Melee: Unarmed           |    20 |    13 ||    33
 Cast: Pain              |    71 |    19 ||    90
  Use: Scroll            |       |     2 ||     2
 Stab: Sleeping          |       |     1 ||     1
Armor: Robe              |     9 |     3 ||    12
Dodge: Dodged            |    31 |    10 ||    41
